 Dungeon Crawl Stone Soup version 0.22-a0-412-g2b68d14 (webtiles) character file.

95 Borgoz the Skirmisher (level 4, -2/29 HPs)
             Began as a Gargoyle Abyssal Knight on May 12, 2018.
             Was a Believer of Lugonu.
             Slain by an iguana (5 damage)
             ... on level 3 of the Dungeon.
             The game lasted 00:02:20 (2275 turns).

Borgoz the Skirmisher (Gargoyle Abyssal Knight)     Turns: 2275, Time: 00:02:21

Health: -2/29      AC:  6    Str: 16    XL:     4   Next: 66%
Magic:  6/6        EV: 11    Int: 12    God:    Lugonu [**....]
Gold:   56         SH:  0    Dex: 10    Spells: 3/3 levels left

rFire    . . .     SeeInvis .   a - +1 hand axe
rCold    . . .     Gourm    .   (no shield)
rNeg     + . .     Faith    .   b - +0 leather armour
rPois    ∞         Spirit   .   (no helmet)
rElec    +         Reflect  .   (no cloak)
rCorr    .         Harm     .   (no gloves)
MR       .....                  (no boots)
Stlth    +.........             (no amulet)
HPRegen  0.09/turn              (no ring)
MPRegen  0.10/turn              (no ring)

@: no status effects
A: negative energy resistance 1, electricity resistance, unbreathing,
petrification resistance, rot immunity, AC +3
a: Depart the Abyss, Bend Space, Renounce Religion


You were on level 3 of the Dungeon.
You worshipped Lugonu.
Lugonu was pleased with you.
You were hungry.

You visited 1 branch of the dungeon, and saw 3 of its levels.
You visited the Abyss 1 time.

You collected 56 gold pieces.

Inventory:

Hand Weapons
 a - a +1 hand axe (weapon)
Armour
 b - a +0 leather armour (worn)
Jewellery
 g - an uncursed ring of poison resistance {unknown}
Scrolls
 d - a scroll of remove curse {unknown}
 e - 4 scrolls of identify {unknown}
 k - 3 scrolls of amnesia {unknown}
 l - a scroll of magic mapping {unknown}
 m - a scroll of fear {unknown}
 n - a scroll of noise {unknown}
Potions
 f - a potion of curing {unknown}
 h - a potion of might {unknown}
 i - a potion of cancellation {unknown}
 j - a potion of heal wounds {unknown}
 o - a potion of invisibility {unknown}
 p - a potion of lignification {unknown}
Comestibles
 c - 5 rations


   Skills:
 + Level 3.8 Fighting
 * Level 2.9 Axes
 + Level 2.8 Armour
 + Level 1.4 Dodging
 + Level 2.8 Invocations


You had 3 spell levels left.
You didn't know any spells.
Your spell library was empty.

Dungeon Overview and Level Annotations

Branches:
Dungeon (3/15)

Altars:
Nemelex Xobeh


Innate Abilities, Weirdness & Mutations

You are resistant to torment.
Your stone body is resilient. (AC +3)
You are immune to poison.
You resist negative energy. (rN+)
You are resistant to electric shocks. (rElec)
You can survive without breathing.
You are immune to petrification.
You are immune to rotting.


Message History

You are too injured to fight recklessly!
You are too injured to fight recklessly!
You are too injured to fight recklessly!
You hit the iguana.
The iguana is moderately wounded.
The iguana closely misses you.
You barely miss the iguana.
The iguana is moderately wounded.
The iguana bites you but does no damage.
You barely miss the iguana.
The iguana is moderately wounded.
The iguana bites you!
* * * LOW HITPOINT WARNING * * *
You hit the iguana.
The iguana is moderately wounded.
The iguana closely misses you.
You hit the iguana but do no damage.
The iguana is moderately wounded.
The iguana bites you.
You die...

... #... #... ..# #.#.#
#..# .... #..# # #..
#..# ###.#.l##..#### #.
...$...@....... ..#
...........#### #.#
....###....# #.#
####.......# #.#
#.......# #.#
.......#..#######.###
##...###...........<#
#...###..#######.#####
.......................


You could see an iguana.

Vanquished Creatures
  2 adders (D:2)
  2 oozes
  2 worms (D:2)
  A dart slug (D:1)
  A leopard gecko (D:1)
  2 ball pythons
  6 bats
  2 giant cockroaches (D:1)
  9 goblins
  7 hobgoblins
  7 jackals (D:2)
  6 kobolds
  2 frilled lizards (D:2)
  4 rats
53 creatures vanquished.

Notes
Turn   | Place    | Note
-------+----------+-------------------------------------------
     0 | Abyss:1  | Borgoz the Gargoyle Abyssal Knight began the quest for the Orb.
     0 | Abyss:1  | Reached XP level 1. HP: 14/14 MP: 2/2
   126 | Abyss:1  | Noticed a large abomination
   150 | Abyss:1  | Noticed a thrashing horror
   150 | D:1      | Escaped the Abyss
   165 | D:1      | Reached XP level 2. HP: 18/19 MP: 3/3
   186 | D:1      | Reached skill level 1 in Dodging
   210 | D:1      | Reached * piety under Lugonu
   655 | D:1      | Reached XP level 3. HP: 23/23 MP: 4/4
   815 | D:1      | Found a sparkling altar of Nemelex Xobeh.
  1373 | D:2      | Reached XP level 4. HP: 20/29 MP: 5/5
  1846 | D:2      | Reached ** piety under Lugonu
  2275 | D:3      | Slain by an iguana

Vault maps used:
D:1:      grunt_arrival_crossed_arrows, minmay_door_square, nemelex_altar_shiori
D:3:      first_ration, grunt_ministairs_12
Abyss:1:  minivault_25_ag, bh_abyss_negative

Skill      XL: |  1  2 |
---------------+-------+-----
Axes           | 2 |  2.9
Dodging        | 1 |  1.4
Fighting       | |  3.8
Armour         | |  2.8
Invocations    | |  2.8

Action                   |  1- 3 |  4- 6 || total
-------------------------+-------+-------++-------
Melee: Hand axe          |   127 |    67 ||   194
Invok: Depart the Abyss  |     1 |       ||     1
  Eat: Chunk             |     1 |     3 ||     4
Armor: Leather armour    |    54 |    29 ||    83
Dodge: Dodged            |    79 |    56 ||   135

Table legend:
 A = Spawn XP
 B = Non-spawn XP
 C = Spawn XP percentage of total XP
 D = Spawn monster count
 E = Non-spawn monster count
 F = Spawn count percentage of total count
 G = Total turns spent on level
                    A         B        C        D         E        F      G
               +---------+---------+-------+---------+---------+-------+---------
         Total |       0 |     137 |   0.0 |       0 |      53 |   0.0 |  2275
               +---------+---------+-------+---------+---------+-------+---------
           D:1 |       0 |      49 |   0.0 |       0 |      23 |   0.0 |   738
           D:2 |       0 |      86 |   0.0 |       0 |      29 |   0.0 |  1351
           D:3 |       0 |       2 |   0.0 |       0 |       1 |   0.0 |    36
               +---------+---------+-------+---------+---------+-------+---------
